[Event "Titled Tuesday Blitz January 11 2022"]
[White "Taboas Rodriguez, Daniel"]
[Black "Kosakowski, Jakub"]
[WhiteFideId "2208466"]
[BlackFideId "1185080"]
[WhiteElo "2429"]
[BlackElo "2476"]
[Result "0-1"]
[Round "09"]
[TimeControl "180+1"]
[Date "2022.01.11"]
[WhiteClock "0:01:06"]
[BlackClock "0:00:07"]

1. d4 Nf6 2. Nf3 e6 3. c4 b6 4. Nc3 Bb4 5. Qc2 Bb7 6. a3 Bxc3+ 7. Qxc3 O-O 8. g3 d5 9. Bg2 dxc4 10. Qxc4 Nbd7 11. O-O c5 12. Rd1 Rc8 13. Bf4 Bd5 14. Qa6 cxd4 15. Rxd4 Nc5 16. Qxa7 Nb3 17. Rad1 Nxd4 18. Rxd4 Ra8 19. Qc7 Qxc7 20. Bxc7 Rfc8 21. Bxb6 Rc1+ 22. Bf1 Rb8 23. Rb4 Bxf3 24. exf3 Nd5 25. Be3 Rxf1+ 26. Kxf1 Nxb4 27. axb4 Rxb4 28. Bc1 Kf8 29. Ke2 Ke7 30. Kd2 Kd6 31. Kc3 Kc5 32. Be3+ Kb5 33. f4 Ka4 34. Bd4 f6 35. g4 Rb8 36. Kc4 Ka5 37. h4 Ka6 38. Kc5 Rc8+ 39. Kd6 Rd8+ 40. Kc5 Kb7 41. b4 h5 42. g5 Rd5+ 43. Kc4 Kc6 44. gxf6 gxf6 45. Bxf6 Rd2 46. Bd4 Rc2+ 47. Kd3 Rc1 48. Ke4 Rc4 49. Ke5 Rxb4 50. Be3 Kd7 51. Kf6 Rb5 52. Bd4 Rf5+ 53. Kg6 Rxf4 54. Bf6 Rxf2 55. Kxh5 Rxf6 56. Kg5 Ke7 0-1


[Site "https://www.chess.com"]

[Event "Titled Tuesday Blitz January 11 2022"]
[White "Tari, Aryan"]
[Black "Leiva, Gianmarco"]
[WhiteFideId "1510045"]
[BlackFideId "3804399"]
[WhiteElo "2567"]
[BlackElo "2328"]
[Result "1-0"]
[Round "09"]
[TimeControl "180+1"]
[Date "2022.01.11"]
[WhiteClock "0:01:28"]
[BlackClock "0:00:02"]

1. d4 Nf6 2. Nf3 e6 3. c4 d5 4. g3 Be7 5. Bg2 O-O 6. O-O c6 7. Na3 b6 8. Qc2 Bb7 9. Rd1 Nbd7 10. Bf4 Rc8 11. Rac1 b5 12. cxb5 cxb5 13. Bc7 Qe8 14. Nxb5 a6 15. Na7 Ra8 16. Nc6 Bxc6 17. Qxc6 Ne4 18. Bf4 Ndf6 19. Ne5 Nd6 20. Qxe8 Rfxe8 21. b3 Bf8 22. Nd3 Nb5 23. Nc5 Rec8 24. e3 Na3 25. h4 h6 26. Bf1 a5 27. Ba6 Rxc5 28. dxc5 Rxa6 29. c6 Ra8 30. c7 Rc8 31. Rc6 1-0


[Site "https://www.chess.com"]

[Event "Titled Tuesday Blitz January 11 2022"]
[White "Terry, Renato"]
[Black "Howell, David W L"]
[WhiteFideId "3803457"]
[BlackFideId "410608"]
[WhiteElo "2577"]
[BlackElo "2559"]
[Result "1/2-1/2"]
[Round "09"]
[TimeControl "180+1"]
[Date "2022.01.11"]
[WhiteClock "0:00:16"]
[BlackClock "0:00:43"]

1. d4 d5 2. Bg5 g6 3. Nc3 Bg7 4. Qd2 h6 5. Bf4 Nf6 6. f3 c5 7. Nb5 Na6 8. e3 O-O 9. Be5 Bd7 10. c3 Qb6 11. Na3 Nb8 12. dxc5 Qxc5 13. Qd4 Qa5 14. Qb4 Nc6 15. Qxa5 Nxa5 16. O-O-O e6 17. Ne2 Nc6 18. Bd6 Rfd8 19. Nd4 Nxd4 20. cxd4 Ba4 21. b3 Bxb3 22. axb3 Rxd6 23. Bd3 Rc6+ 24. Kb2 a6 25. Rc1 Rac8 26. Rxc6 Rxc6 27. Nc2 Bf8 28. h3 Ne8 29. h4 Kg7 30. h5 g5 31. g3 f5 32. g4 fxg4 33. fxg4 Bd6 34. Rg1 Rc7 35. e4 dxe4 36. Bxe4 Nf6 37. Bf3 e5 38. Re1 e4 39. Bxe4 Nxg4 40. Bf3 Nf6 41. Ne3 Bb4 42. Nf5+ Kh7 43. Re6 Rf7 44. Bxb7 g4 45. Bxa6 Be1 46. Bd3 Bf2 47. Nd6+ Kg7 48. Nxf7 Bxd4+ 49. Kc2 Kxf7 50. Rd6 Bf2 51. Kd2 g3 52. Ke2 Nxh5 53. Bg6+ Ke7 54. Bxh5 Kxd6 55. Bf3 Kc5 56. Kf1 Kd4 57. Kg2 Ke3 58. Bg4 Kf4 59. Bh3 Kg5 60. Bd7 h5 61. Bh3 h4 62. Bc8 Bb6 63. Bh3 Bd8 64. Bc8 Kf4 65. Bd7 Ke5 66. Bh3 Kd6 67. Bg4 Kc5 68. Bh3 Kb4 69. Be6 Bf6 70. Bc4 Kc5 71. Bf7 Kd4 72. Bc4 Ke4 73. Be6 Ke5 74. Bh3 Kd6 75. Bg4 Kc5 76. Bh3 Kb4 77. Be6 Be7 78. Bd5 Kc3 79. Be6 Kd4 80. Bc4 Ke5 81. Ba6 Kd4 82. Bc8 Kc3 83. Be6 Kb4 84. Bc4 Kc5 85. Be6 Kb6 86. Bc4 Bb4 87. Be6 Kc5 88. Bh3 Kd4 89. Bg4 Ke5 90. Bh3 Kf4 91. Bc8 Ke3 92. Bd7 Be7 93. Bc8 Kd4 94. Bd7 Kc5 95. Be6 Kb4 1/2-1/2


[Site "https://www.chess.com"]

[Event "Titled Tuesday Blitz January 11 2022"]
[White "Vysochin, Spartak"]
[Black "Bacrot, Etienne"]
[WhiteFideId "14103516"]
[BlackFideId "605506"]
[WhiteElo "2401"]
[BlackElo "2673"]
[Result "0-1"]
[Round "09"]
[TimeControl "180+1"]
[Date "2022.01.11"]
[WhiteClock "0:00:03"]
[BlackClock "0:00:14"]

1. e4 e5 2. Nf3 Nc6 3. Bb5 Nf6 4. O-O Nxe4 5. d4 Nd6 6. Ba4 e4 7. Ne5 Be7 8. Nc3 O-O 9. Re1 a6 10. Nxe4 Nxe4 11. Rxe4 Nxe5 12. dxe5 d5 13. exd6 Bxd6 14. Bf4 Bxf4 15. Rxf4 Be6 16. Bb3 Qg5 17. Qf3 Rae8 18. h4 Qe5 19. c3 Bxb3 20. axb3 Qe2 21. Qxe2 Rxe2 22. Rb4 b6 23. Rxa6 Rxb2 24. Ra7 Rc8 25. Rd4 c5 26. Rdd7 Rf8 27. Ra3 g6 28. c4 Re8 29. Rd3 Re1+ 30. Kh2 Rxf2 31. Ra6 Rf6 32. Rf3 Rxf3 33. gxf3 Re6 34. Kg3 Kg7 35. Kf4 Kh6 36. Ra7 Rf6+ 37. Kg4 Kg7 38. Rb7 Rd6 39. Kf4 Kf6 40. Kg3 h6 41. Kf4 g5+ 42. hxg5+ hxg5+ 43. Ke4 Ke6 44. Rb8 f5+ 45. Ke3 Ke5 46. Re8+ Re6 47. Rg8 f4+ 48. Kf2 Kd4 49. Rxg5 Rf6 50. Rd5+ Kc3 51. Ke2 Kxb3 52. Kd3 Re6 53. Rd8 Re3+ 54. Kd2 Rxf3 55. Rd6 Kxc4 56. Rxb6 Rf2+ 57. Ke1 Rh2 58. Rf6 Rh4 59. Ke2 Kd4 60. Rd6+ Kc3 61. Rc6 c4 62. Rc8 Kb3 63. Rb8+ Kc2 64. Rc8 c3 65. Kf3 Kd2 66. Rd8+ Kc1 67. Rc8 c2 68. Ke2 Rh2+ 69. Kd3 Rd2+ 70. Kc3 Kd1 0-1


[Site "https://www.chess.com"]

[Event "Titled Tuesday Blitz January 11 2022"]
[White "Wagh Suyog"]
[Black "Weishaeutel, Moritz"]
[WhiteFideId "25071688"]
[BlackFideId "12967300"]
[WhiteElo "2181"]
[BlackElo "2002"]
[Result "1-0"]
[Round "09"]
[TimeControl "180+1"]
[Date "2022.01.11"]
[WhiteClock "0:01:12"]
[BlackClock "0:00:25"]

1. d4 Nf6 2. c4 e6 3. Nf3 d5 4. Nc3 c6 5. Bg5 Nbd7 6. e3 Qa5 7. Nd2 Ne4 8. Ndxe4 dxe4 9. Bh4 Bb4 10. Qc2 O-O 11. Be2 e5 12. O-O exd4 13. exd4 Bxc3 14. bxc3 Re8 15. f3 Qf5 16. Rae1 Nf6 17. Bxf6 gxf6 18. Bd3 Be6 19. fxe4 Qh5 20. Rxf6 Kg7 21. Qf2 Rg8 22. d5 Bd7 23. Rf1 Kh8 24. Rxf7 Rg6 25. Rxd7 Rag8 26. Qd4+ 1-0


[Site "https://www.chess.com"]

[Event "Titled Tuesday Blitz January 11 2022"]
[White "Yang, Kaiqi"]
[Black "Kosteniuk, Alexandra"]
[WhiteFideId "8604398"]
[BlackFideId "4128125"]
[WhiteElo "2373"]
[BlackElo "2469"]
[Result "0-1"]
[Round "09"]
[TimeControl "180+1"]
[Date "2022.01.11"]
[WhiteClock "0:00:03"]
[BlackClock "0:00:20"]

1. c4 e5 2. Nc3 Nf6 3. Nf3 Nc6 4. e4 Bb4 5. d3 d6 6. a3 Ba5 7. b4 Bb6 8. Na4 O-O 9. Nxb6 axb6 10. Bb2 Ne7 11. g3 Bd7 12. Bg2 Ba4 13. Qd2 b5 14. c5 Ng6 15. Rc1 Re8 16. O-O h6 17. Rfe1 Ra6 18. d4 exd4 19. Qxd4 dxc5 20. Qxd8 Rxd8 21. Rxc5 Ne8 22. Nd4 c6 23. Nf5 Rd2 24. Bc3 Rd1 25. Bf3 Rd3 26. Kg2 Bb3 27. h4 Bc4 28. h5 Rxc3 29. hxg6 fxg6 30. Ne3 Raxa3 31. Rd1 Rd3 32. Rc1 Rd2 33. Nxc4 bxc4 34. R5xc4 Raa2 35. Rf1 Nd6 36. Rc3 Nf7 37. b5 Rac2 38. Rxc2 Rxc2 39. bxc6 bxc6 40. Ra1 Ne5 41. Bd1 Rb2 42. Ra5 Nd3 43. Kf3 Kf7 44. Ba4 Ke6 45. Ke3 Nb4 46. Rc5 Kd6 47. Rc3 Ra2 48. Bb3 Ra3 49. f4 Ke7 50. e5 Nd5+ 51. Kd4 Nxc3 52. Kxc3 Ra1 53. Kd4 Rg1 54. Kc5 Rxg3 55. Kxc6 Rxb3 0-1


[Site "https://www.chess.com"]

[Event "Titled Tuesday Blitz January 11 2022"]
[White "Yoo, Christopher Woojin"]
[Black "Preotu, Razvan"]
[WhiteFideId "30909694"]
[BlackFideId "2613280"]
[WhiteElo "2105"]
[BlackElo "2407"]
[Result "1-0"]
[Round "09"]
[TimeControl "180+1"]
[Date "2022.01.11"]
[WhiteClock "0:00:03"]
[BlackClock "0:00:03"]

1. e4 c5 2. Nf3 d6 3. d4 cxd4 4. Nxd4 Nf6 5. Nc3 a6 6. h4 e5 7. Nf5 d5 8. Qf3 d4 9. Nd5 Be6 10. Nxf6+ gxf6 11. Bd3 Qa5+ 12. Bd2 Bb4 13. c3 dxc3 14. bxc3 Bxc3 15. Bb5+ axb5 16. Bxc3 b4 17. Bd2 Qa3 18. Qe2 Bxf5 19. exf5 Nc6 20. O-O Nd4 21. Qe4 Qb2 22. Rfd1 Qc2 23. Qxc2 Nxc2 24. Rab1 Rd8 25. Kf1 O-O 26. Rbc1 Rc8 27. Bh6 Rfe8 28. Rd7 Nd4 29. Rxc8 Rxc8 30. g4 b3 31. axb3 Nxb3 32. Rxb7 Nd4 33. Kg2 Ne2 34. Rb6 Nf4+ 35. Bxf4 exf4 36. Rxf6 Rc3 37. Ra6 Kg7 38. Ra4 f3+ 39. Kg3 h6 40. Rf4 Rc1 41. Rxf3 Ra1 42. g5 hxg5 43. hxg5 Rg1+ 44. Kf4 Rh1 45. Ra3 Rh4+ 46. Kg3 Rd4 47. f4 Rd5 48. Kg4 Rd1 49. f6+ Kh7 50. Rh3+ Kg8 51. Re3 Rd5 52. Re8+ Kh7 53. Rf8 Rd7 54. Kh5 Ra7 55. f5 Rb7 56. g6+ fxg6+ 57. fxg6# 1-0


[Site "https://www.chess.com"]

[Event "Titled Tuesday Blitz January 11 2022"]
[White "Arabidze, Meri"]
[Black "Zelbel, Patrick"]
[WhiteFideId "13604040"]
[BlackFideId "24624322"]
[WhiteElo "2329"]
[BlackElo "2493"]
[Result "1/2-1/2"]
[Round "10"]
[TimeControl "180+1"]
[Date "2022.01.11"]
[WhiteClock "0:00:59"]
[BlackClock "0:01:17"]

1. d4 Nf6 2. c4 c5 3. d5 e6 4. Nc3 exd5 5. cxd5 d6 6. Nf3 g6 7. Bf4 a6 8. a4 Bg7 9. h3 O-O 10. e3 Nbd7 11. Be2 Re8 12. O-O Ne4 13. Nxe4 Rxe4 14. Bxd6 Rb4 15. Ra2 Bxb2 16. Qc2 Bg7 17. Bxc5 Nxc5 18. Qxc5 Bf8 19. Qc3 Bd7 20. a5 Rc8 21. Qd2 Bf5 22. Rd1 Be4 23. d6 Rb1 24. Rxb1 Bxb1 25. Rb2 Be4 26. Rb6 Rc6 27. Rxc6 Bxc6 28. Ne5 Qxd6 29. Qxd6 Bxd6 30. Nxc6 bxc6 31. Bxa6 Bb4 32. Bb7 Bxa5 33. Bxc6 Kg7 34. e4 g5 35. g3 h5 36. Kg2 Bc7 37. Kf3 Kg6 38. Bd5 f5 39. exf5+ Kxf5 40. g4+ hxg4+ 41. hxg4+ Ke5 42. Be4 Bd8 43. Bf5 Be7 44. Be4 Bd8 45. Bf5 Be7 46. Be4 Bd8 1/2-1/2


[Site "https://www.chess.com"]

[Event "Titled Tuesday Blitz January 11 2022"]
[White "Aradhya, Garg"]
[Black "Costachi, Mihnea"]
[WhiteFideId "25006746"]
[BlackFideId "1217518"]
[WhiteElo "2169"]
[BlackElo "2464"]
[Result "0-1"]
[Round "10"]
[TimeControl "180+1"]
[Date "2022.01.11"]
[WhiteClock "0:00:01"]
[BlackClock "0:00:24"]

1. d4 d5 2. c4 c6 3. Nf3 Nf6 4. Nc3 g6 5. cxd5 cxd5 6. Bf4 Bg7 7. e3 O-O 8. Bd3 Nc6 9. O-O Nd7 10. Nxd5 e5 11. Bg5 Qa5 12. Bc4 exd4 13. Nxd4 Nde5 14. Nxc6 bxc6 15. Ne7+ Kh8 16. Be2 Be6 17. Qc2 Qc7 18. Rac1 f6 19. Nxc6 fxg5 20. Nd4 Qxc2 21. Rxc2 Bd5 22. Rfc1 Rab8 23. b3 Rb7 24. Rc5 Bg8 25. Nf3 Nxf3+ 26. Bxf3 Rd7 27. Rxg5 Rd2 28. Ra5 Rf7 29. h4 Rfd7 30. Rc8 Bf6 31. h5 Bd8 32. Ra6 Kg7 33. hxg6 hxg6 34. Be4 Bf7 35. g4 Bb6 36. Ra4 Be6 37. Rc6 R7d6 38. Rxd6 Rxd6 39. Bf3 Rd2 40. Kf1 Rb2 41. Be2 Bd5 42. Rf4 Rb1+ 43. Bd1 Rxd1+ 44. Ke2 Ra1 45. Ra4 Bc6 46. Ra3 Bb5+ 47. Kf3 a5 48. Ke4 Rd1 49. Ke5 Rd3 50. g5 a4 51. Ke4 Bc5 0-1


[Site "https://www.chess.com"]

[Event "Titled Tuesday Blitz January 11 2022"]
[White "Araujo Sanchez, Josue"]
[Black "Boyer, Mahel"]
[WhiteFideId "6416896"]
[BlackFideId "45102422"]
[WhiteElo "2357"]
[BlackElo "2328"]
[Result "0-1"]
[Round "10"]
[TimeControl "180+1"]
[Date "2022.01.11"]
[WhiteClock "0:00:01"]
[BlackClock "0:00:11"]

1. e4 Nc6 2. Nf3 d5 3. exd5 Qxd5 4. Nc3 Qh5 5. Bb5 Bg4 6. Qe2 e6 7. Bxc6+ bxc6 8. Qe4 Bxf3 9. gxf3 Ne7 10. d3 Nd5 11. Bd2 Bc5 12. Na4 Bd6 13. c4 Ne7 14. Bc3 O-O 15. h4 Nf5 16. O-O-O c5 17. Rdg1 h6 18. Rg4 Rae8 19. Rhg1 f6 20. Rg6 Kh7 21. R6g4 Kh8 22. Kb1 Re7 23. a3 Rb8 24. Ka2 Rg8 25. Bxf6 Ree8 26. Bc3 Bf8 27. Qe5 Qf7 28. h5 Bd6 29. Qe4 Qxh5 30. Qe1 Qf7 31. Rh1 Kh7 32. Qe4 Re7 33. Qc6 Nd4 34. Bxd4 cxd4 35. c5 Be5 36. Re4 Qxf3 37. Rhe1 Bf6 38. Qb5 c6 39. Qc4 e5 40. R1e2 Rb8 41. Qc2 Reb7 42. Qc4 a5 43. Rc2 Rb3 44. Rd2 R8b5 45. Re1 Bg5 46. Rdd1 Qxf2 47. Qc1 Qf7 48. Qc2 Be3 49. Ka1 Qd5 50. Rf1 Bf4 51. Rfe1 Bg3 0-1


[Site "https://www.chess.com"]

[Event "Titled Tuesday Blitz January 11 2022"]
[White "Aulin-Jansson, Joran"]
[Black "Papasimakopoulos, Alexandros"]
[WhiteFideId "1500279"]
[BlackFideId "4244125"]
[WhiteElo "2285"]
[BlackElo "2340"]
[Result "0-1"]
[Round "10"]
[TimeControl "180+1"]
[Date "2022.01.11"]
[WhiteClock "0:00:05"]
[BlackClock "0:00:07"]

1. e4 e6 2. d4 d5 3. Nc3 Bb4 4. Ne2 Nc6 5. a3 Ba5 6. Be3 Nge7 7. b4 Bb6 8. e5 O-O 9. Qd2 Nf5 10. g4 Nh4 11. O-O-O f6 12. f4 Bd7 13. Ng3 Nf3 14. Qf2 fxe5 15. Qxf3 exd4 16. Bd2 dxc3 17. Bxc3 d4 18. Bb2 a5 19. b5 Ne5 20. Qe2 Ng6 21. f5 exf5 22. gxf5 Qg5+ 23. Kb1 Bxf5 24. Nxf5 Qxf5 25. Qc4+ Kh8 26. Bd3 Qh5 27. Bxd4 Bxd4 28. Qxd4 Nf4 29. Be4 Qxb5+ 30. Ka2 Rae8 31. Rhg1 Re7 32. Rdf1 Qe5 33. Qxe5 Rxe5 34. Bxb7 Re2 35. Kb1 g6 36. Rg4 Rb8 37. Rgxf4 Rxb7+ 38. Kc1 c6 39. h4 Rd7 40. Rd1 Ree7 41. Rdf1 Kg7 42. Ra4 Rd5 43. Rff4 Re2 44. Rfc4 Re6 45. Kb2 Kh6 46. Kc3 Kh5 47. Rd4 Rf5 48. Rf4 Rxf4 49. Rxf4 h6 50. Ra4 Re3+ 0-1


[Site "https://www.chess.com"]

[Event "Titled Tuesday Blitz January 11 2022"]
[White "Azadaliyev, Jahandar"]
[Black "Tasev, Dejan"]
[WhiteFideId "13425811"]
[BlackFideId "936618"]
[WhiteElo "1795"]
[BlackElo "2253"]
[Result "0-1"]
[Round "10"]
[TimeControl "180+1"]
[Date "2022.01.11"]
[WhiteClock "0:00:15"]
[BlackClock "0:00:12"]

1. d4 Nf6 2. c4 g6 3. Nf3 Bg7 4. g3 O-O 5. Bg2 b6 6. O-O Bb7 7. Nc3 e6 8. b3 d6 9. Bb2 Nbd7 10. Rc1 Qe7 11. Qc2 a6 12. Rfe1 h6 13. e4 Nh7 14. Qd2 Rae8 15. Rcd1 g5 16. Qd3 g4 17. Nh4 Ng5 18. Bc1 Qd8 19. Qe2 h5 20. Qd2 Nh7 21. Qd3 Bf6 22. Bh6 Bxh4 23. gxh4 Qxh4 24. Ne2 e5 25. d5 f5 26. Bxf8 Ndxf8 27. exf5 Bc8 28. Ng3 Nf6 29. Qe3 Kg7 30. b4 N8h7 31. c5 bxc5 32. bxc5 Ng5 33. cxd6 cxd6 34. Rc1 Bd7 35. Rc7 Re7 36. Qa3 Ne8 37. f6+ Kxf6 38. Ra7 Nh3+ 39. Bxh3 Qxh3 40. Qe3 Kg6 41. Qe4+ Kg7 42. Rc1 h4 43. Nh5+ Kh6 44. Nf4 exf4 45. Qxe7 f3 46. Qf8+ Ng7 47. Qxd6+ Kh7 0-1


[Site "https://www.chess.com"]

[Event "Titled Tuesday Blitz January 11 2022"]
[White "Babazada, Khazar"]
[Black "Hess, Robert"]
[WhiteFideId "13413554"]
[BlackFideId "2022036"]
[WhiteElo "2418"]
[BlackElo "2557"]
[Result "1-0"]
[Round "10"]
[TimeControl "180+1"]
[Date "2022.01.11"]
[WhiteClock "0:01:05"]
[BlackClock "0:00:02"]

1. e4 g6 2. Nc3 Bg7 3. d4 a6 4. Nf3 b5 5. Bd3 Bb7 6. O-O d6 7. Qe2 Nd7 8. h3 c5 9. dxc5 Nxc5 10. Re1 Qc7 11. Bf4 e5 12. Bd2 Nf6 13. b4 Ne6 14. a4 bxa4 15. Rxa4 O-O 16. Rea1 Nf4 17. Bxf4 exf4 18. R1a3 Rfe8 19. Qd2 Nxe4 20. Nxe4 Bxe4 21. Bxe4 Rxe4 22. Rxa6 Rxa6 23. Rxa6 Bc3 24. Qd3 Rxb4 25. Rxd6 Qc5 26. Kh2 Kg7 27. Rd7 Bf6 28. Qe2 Rc4 29. Qe6 Qxf2 30. Qxf7+ Kh6 31. Qxh7# 1-0


[Site "https://www.chess.com"]

[Event "Titled Tuesday Blitz January 11 2022"]
[White "Brunner, Nicolas"]
[Black "Siddharth, Jagadeesh"]
[WhiteFideId "620246"]
[BlackFideId "5818320"]
[WhiteElo "2372"]
[BlackElo "2127"]
[Result "1/2-1/2"]
[Round "10"]
[TimeControl "180+1"]
[Date "2022.01.11"]
[WhiteClock "0:00:19"]
[BlackClock "0:01:02"]

1. d4 d5 2. c4 dxc4 3. e4 b5 4. a4 c6 5. axb5 cxb5 6. Nc3 Qb6 7. b3 e6 8. bxc4 Bb4 9. Bb2 bxc4 10. Bxc4 Ne7 11. Ne2 O-O 12. O-O a5 13. d5 Ba6 14. Na4 Qb7 15. Ba2 exd5 16. exd5 Nd7 17. d6 Nf5 18. Bd5 Bxe2 19. Bxb7 Bxd1 20. Rfxd1 Rad8 21. Ba3 Ne5 22. Bxb4 axb4 23. Rdb1 Nxd6 24. Rxb4 Rb8 25. Rab1 Nd3 26. R4b3 Nf4 27. Bf3 Rbd8 28. g3 Ne6 29. Rd1 g6 30. Nb2 Nf5 31. Rxd8 Rxd8 32. Kg2 Rd2 33. Nc4 Rd7 34. Rb2 Ned4 35. Ne5 Re7 36. Ng4 Kg7 37. Bd5 h5 38. Ne3 Nxe3+ 39. fxe3 Rxe3 40. Rb7 Ne6 41. Bxe6 Rxe6 42. h4 Rf6 43. Rb5 Rf5 44. Rb4 Kf6 45. Rb6+ Kg7 46. Rb7 Kh6 47. Rb6 Kh7 48. Rb7 Kg8 49. Rb8+ Kg7 50. Rb7 Kf8 51. Rb8+ Ke7 52. Rb7+ Ke6 53. Rb6+ Ke5 54. Rb5+ Kd6 55. Rb7 f6 56. Rg7 g5 57. hxg5 fxg5 58. Rh7 g4 59. Rh8 Ke6 60. Rh7 Kf6 61. Ra7 Rb5 62. Ra6+ Kg5 63. Ra8 Rb2+ 64. Kg1 Kf5 65. Rh8 Ke4 66. Rxh5 Kf3 67. Rc5 Rb1+ 68. Kh2 Rb2+ 69. Kg1 Kxg3 70. Rc1 Kh3 71. Rd1 Rg2+ 72. Kh1 Rg3 73. Rc1 Rf3 74. Rb1 Rf2 75. Kg1 g3 76. Ra1 Rb2 77. Rc1 Kg4 78. Rd1 Kh3 79. Rc1 Rg2+ 80. Kh1 Rf2 81. Kg1 Rf8 82. Rb1 Rh8 83. Ra1 Kg4 84. Ra4+ Kh3 85. Ra1 Rb8 86. Rc1 Rb2 87. Rd1 Re2 88. Rc1 Rb2 89. Rd1 Rc2 90. Rb1 Ra2 91. Rc1 Rf2 92. Rb1 Rh2 93. Ra1 Kg4 94. Ra4+ Kh3 95. Ra1 Rg2+ 96. Kh1 Rf2 97. Kg1 Rf4 98. Rb1 Kg4 99. Ra1 Re4 100. Rb1 Re3 101. Ra1 Kf3 102. Rb1 g2 103. Ra1 Kg3 104. Rb1 Re2 105. Rb3+ Kf4 106. Rb1 Ke4 107. Ra1 Ke3 108. Rb1 Kd2 109. Ra1 Re1+ 110. Rxe1 Kxe1 111. Kxg2 1/2-1/2


[Site "https://www.chess.com"]

[Event "Titled Tuesday Blitz January 11 2022"]
[White "Cori T., Deysi"]
[Black "Vysochin, Spartak"]
[WhiteFideId "3801934"]
[BlackFideId "14103516"]
[WhiteElo "2350"]
[BlackElo "2401"]
[Result "0-1"]
[Round "10"]
[TimeControl "180+1"]
[Date "2022.01.11"]
[WhiteClock "0:00:59"]
[BlackClock "0:01:23"]

1. d4 d5 2. Nf3 Nf6 3. c4 c6 4. Nc3 a6 5. e3 Bf5 6. a4 e6 7. Qb3 Qc7 8. a5 Nbd7 9. Bd2 Bd6 10. Na4 O-O 11. Nb6 Rad8 12. cxd5 exd5 13. Rc1 Nxb6 14. axb6 Qe7 15. Be2 Ne4 16. O-O Bg4 17. Rfd1 Rde8 18. h3 Bh5 19. Be1 f5 20. Rc2 f4 21. Ne5 Bxe2 22. Rxe2 Bxe5 23. dxe5 f3 24. gxf3 Rxf3 25. Rxd5 Qg5+ 26. Kh2 Kh8 27. Ra5 Qh5 28. Kg1 Rxh3 0-1


[Site "https://www.chess.com"]

[Event "Titled Tuesday Blitz January 11 2022"]
[White "Daneshvar, Bardiya"]
[Black "Narayanan.S.L"]
[WhiteFideId "12576468"]
[BlackFideId "5058422"]
[WhiteElo "2295"]
[BlackElo "2494"]
[Result "1/2-1/2"]
[Round "10"]
[TimeControl "180+1"]
[Date "2022.01.11"]
[WhiteClock "0:00:07"]
[BlackClock "0:00:21"]

1. d4 Nf6 2. c4 g6 3. Nc3 d5 4. Bf4 Bg7 5. e3 c6 6. cxd5 Nxd5 7. Nxd5 cxd5 8. Nf3 Nc6 9. Be2 O-O 10. O-O Bg4 11. h3 Bxf3 12. Bxf3 e6 13. Qb3 Qd7 14. Rfc1 Rfc8 15. Be2 Bf8 16. a3 a6 17. Qb6 Be7 18. Rc3 Bd8 19. Qb3 Na5 20. Qc2 Rxc3 21. Qxc3 Rc8 22. Qb4 Nc4 23. Rc1 b5 24. Bxc4 dxc4 25. Qd6 Qxd6 26. Bxd6 f6 27. Kf1 Kf7 28. Ke2 Be7 29. Bxe7 Kxe7 30. e4 Kd6 31. Ke3 a5 32. f3 e5 33. dxe5+ Kxe5 34. f4+ Kd6 35. Rd1+ Kc6 36. Rd5 b4 37. a4 f5 38. Kd4 Kb6 39. exf5 c3 40. bxc3 bxc3 41. Rb5+ Ka6 42. Rb1 gxf5 43. Rc1 c2 44. Kd3 Rd8+ 45. Kc3 Rb8 46. Rxc2 Rb4 47. Rf2 Rxa4 48. g4 Ra3+ 49. Kd4 Rxh3 50. gxf5 Kb6 51. Ke5 Kc6 52. f6 Kd7 53. Ra2 Rh5+ 54. f5 Rh1 55. Rxa5 Re1+ 56. Kf4 Ke8 57. Kg5 Rg1+ 58. Kf4 Kf7 59. Ra7+ Kxf6 60. Rxh7 Rf1+ 61. Ke4 Re1+ 62. Kd3 Kxf5 63. Rh2 Re5 64. Rf2+ Ke6 65. Re2 Rxe2 66. Kxe2 1/2-1/2


[Site "https://www.chess.com"]

[Event "Titled Tuesday Blitz January 11 2022"]
[White "Dastan, Muhammed Batuhan"]
[Black "Perez Gormaz, Matias"]
[WhiteFideId "6300014"]
[BlackFideId "3406342"]
[WhiteElo "2410"]
[BlackElo "2352"]
[Result "1/2-1/2"]
[Round "10"]
[TimeControl "180+1"]
[Date "2022.01.11"]
[WhiteClock "0:00:17"]
[BlackClock "0:00:10"]

1. d4 d5 2. c4 e6 3. Nc3 a6 4. cxd5 exd5 5. Bf4 Nf6 6. e3 c5 7. Nge2 Nc6 8. g3 Bg4 9. Bg2 cxd4 10. exd4 Bb4 11. O-O Bxc3 12. bxc3 O-O 13. h3 Bh5 14. g4 Bg6 15. Bg5 Be4 16. Bxe4 dxe4 17. Ng3 Re8 18. Re1 h6 19. Bxf6 Qxf6 20. Nxe4 Qf4 21. Qd3 Rad8 22. Kg2 f5 23. gxf5 Qxf5 24. Qf3 Qg6+ 25. Ng3 Rf8 26. Qe4 Qf6 27. Re2 Kh8 28. Rb1 Rd7 29. a4 Re7 30. Qd3 Ref7 31. Rbb2 Ne7 32. Rxb7 Nd5 33. Rxf7 Qxf7 34. Kg1 Nf4 35. Qe4 Nxe2+ 36. Qxe2 Qb3 37. Qxa6 Qxc3 38. d5 Qd4 39. Qe2 Qxd5 40. Kh2 Qd4 41. Kg2 Qxa4 42. Qe5 Qa8+ 43. Kg1 Qa7 44. Qe2 Qa1+ 45. Kg2 Qf6 46. Kg1 Qf3 47. Qd2 Re8 48. Qc2 Re1+ 49. Kh2 Re8 50. Kg1 Rd8 51. Kh2 Kg8 52. Qc4+ Kh8 53. Qc2 h5 54. Kg1 Qd1+ 55. Qxd1 Rxd1+ 56. Kg2 g6 57. Ne4 Kg7 58. Ng5 Re1 59. Nf3 Re8 60. Kg3 Kf6 61. Nh2 Ra8 62. Nf3 Ra3 63. Kf4 Ra4+ 64. Kg3 g5 65. Nd2 Ra3+ 66. Kg2 Kf5 67. Nc4 Rc3 68. Ne3+ Kg6 69. Nd5 Ra3 70. Ne3 Kf6 71. Nd5+ Ke5 72. Ne3 Rd3 73. Nc4+ Kf4 74. Nb6 Rd4 75. Nc8 Rd5 76. Ne7 Rc5 77. Ng8 g4 78. hxg4 Kxg4 79. Nf6+ Kf4 80. Nd7 Rb5 81. Nf6 h4 82. Kh3 Ra5 83. Nd7 Kf3 84. Kxh4 Kxf2 85. Nf6 Kf3 86. Nh5 Ke4 87. Kg4 Ra4 88. Ng3+ Ke5+ 89. Kg5 Ra8 90. Kg4 Rg8+ 91. Kf3 Rf8+ 92. Kg4 Ra8 93. Kf3 Ra4 94. Kf2 Kf4 95. Ne2+ Ke4 96. Ng3+ Kf4 97. Ne2+ Kg4 98. Ke3 Ra8 99. Kd3 Rd8+ 100. Nd4 Kf4 101. Kc4 Ke4 102. Nc6 Rc8 103. Kc5 Kf5 104. Kd6 Rh8 105. Ne7+ Kf6 106. Nd5+ Kf7 107. Ke5 Rh5+ 108. Ke4 Ke6 109. Nf4+ Kd6 110. Nxh5 1/2-1/2


[Site "https://www.chess.com"]

[Event "Titled Tuesday Blitz January 11 2022"]
[White "Devaev, Alexander"]
[Black "Shapkin, Anatoliy"]
[WhiteFideId "4169395"]
[BlackFideId "34108332"]
[WhiteElo "2185"]
[BlackElo "2223"]
[Result "0-1"]
[Round "10"]
[TimeControl "180+1"]
[Date "2022.01.11"]
[WhiteClock "0:00:07"]
[BlackClock "0:00:55"]

1. d4 Nf6 2. c4 g6 3. Nc3 d5 4. Nf3 Bg7 5. Bg5 Ne4 6. cxd5 Nxg5 7. Nxg5 e6 8. Nf3 exd5 9. b4 O-O 10. Qb3 c6 11. e3 Nd7 12. Be2 a6 13. a4 a5 14. b5 c5 15. Qxd5 cxd4 16. Nxd4 Nb6 17. Qxd8 Rxd8 18. Rd1 Bd7 19. O-O Rac8 20. Rc1 Rc7 21. Bf3 Rdc8 22. Na2 Nxa4 23. h3 Bxd4 24. exd4 Bxb5 25. Bxb7 Rxc1 26. Rxc1 Rxc1+ 27. Nxc1 Bc4 28. d5 Nc3 29. d6 Kf8 30. Bf3 a4 0-1


[Site "https://www.chess.com"]

[Event "Titled Tuesday Blitz January 11 2022"]
[White "Gaehwiler, Gabriel"]
[Black "Bayramov, Zaur"]
[WhiteFideId "1314530"]
[BlackFideId "13405080"]
[WhiteElo "2383"]
[BlackElo "2166"]
[Result "1-0"]
[Round "10"]
[TimeControl "180+1"]
[Date "2022.01.11"]
[WhiteClock "0:01:52"]
[BlackClock "0:02:18"]

1. d4 Nf6 2. c4 e6 3. g3 Bb4+ 4. Bd2 Qe7 5. Bg2 d5 6. Nf3 O-O 7. O-O dxc4 8. Ne5 Rd8 9. e3 Bxd2 10. Nxd2 c5 11. Ndxc4 cxd4 12. exd4 Nbd7 13. Qb3 Nb6 14. Nxb6 axb6 15. Qxb6 Ra6 16. Qc5 Rad6 17. Nc4 R6d7 18. Nb6 Qxc5 19. dxc5 Rc7 20. b4 Nd5 21. Rfd1 1-0


[Site "https://www.chess.com"]